 Dungeon Crawl Stone Soup version 0.28-a0-519-gbfeecf2fc5 (webtiles) character file.

Game seed: 6964801708452504905

193 Tocho the Firebug (level 5, -2/48 HPs)
             Began as an Ogre Fire Elementalist on Sept 23, 2021.
             Slain by a centaur (3 damage)
             ... on level 4 of the Dungeon.
             The game lasted 00:07:35 (3573 turns).

Tocho the Firebug (Ogre Fire Elementalist)          Turns: 3573, Time: 00:07:35

Health: -2/48      AC:  3    Str: 12    XL:     5   Next: 72%
Magic:  2/10       EV: 10    Int: 17    God:
Gold:   104        SH:  0    Dex:  9    Spells: 5/11 levels left

rFire   . . .      SeeInvis .   b - +0 hand axe
rCold   . . .      Faith    .   (no shield)
rNeg    . . .      Spirit   .   a - +0 robe
rPois   .          Reflect  .   (helmet restricted)
rElec   .          Harm     .   (no cloak)
rCorr   .          Rampage  .   (gloves unavailable)
Will    .....                   (boots unavailable)
Stlth   ++........              (no amulet)
HPRegen 0.16/turn               g - ring of flight
MPRegen 0.12/turn               (no ring)

@: flying
A: large, unfitting armour, tough skin 1
a: no special abilities


You were on level 4 of the Dungeon.
You visited 1 branch of the dungeon, and saw 4 of its levels.

You collected 104 gold pieces.

Inventory:

Hand Weapons
 b - a +0 hand axe (weapon)
 i - a +0 club
 n - a +1 whip of venom
Missiles
 j - 2 atropa-tipped darts
 o - 15 poisoned darts
Armour
 a - a +0 robe (worn)
Magical Staves
 k - a staff of earth
Jewellery
 g - a ring of flight (left hand)
Scrolls
 d - a scroll of fog {unknown}
 e - 3 scrolls of enchant armour {unknown}
 f - 2 scrolls of teleportation {unknown}
 l - a scroll of identify {unknown}
Potions
 c - a potion of might {unknown}
 h - a potion of degeneration {unknown}
 m - a potion of flight {unknown}


   Skills:
 * Level 1.5 Fighting
 + Level 1.2 Axes
 + Level 2.2 Dodging
 + Level 2.0 Stealth
 + Level 3.7 Spellcasting
 + Level 1.6 Conjurations
 + Level 3.8 Fire Magic


You had 5 spell levels left.
You knew the following spells:

 Your Spells              Type           Power      Damage    Failure   Level
a - Foxfire               Conj/Fire      48%        2x1d6     5%          1
b - Scorch                Fire           32%        2d6       5%          2
c - Conjure Flame         Conj/Fire      12%        6-21      16%         3

Your spell library contained the following spells:

 Spells                   Type           Power      Damage    Failure   Level
 Inner Flame              Hex/Fire       9%         N/A       22%         3
 Flame Wave               Conj/Fire      12%        3d4       45%         4


Dungeon Overview and Level Annotations

Branches:
Dungeon (4/15)
 Temple: D:4-7

Altars:


Innate Abilities, Weirdness & Mutations

You are too large for most types of armour.
You have tough skin. (AC +1)


Message History

The hobgoblin shouts!
You hear a shout!
The centaur shoots an arrow.
The arrow completely misses you.
Casting: Scorch (safe; 5% risk of failure)
Confirm with . or Enter, or press ? or * to list all spells.
Flames lash the centaur.
The centaur is heavily wounded.
The centaur's fire resistance burns away.
You hear an angry hiss.
You hear a shout!
The centaur shoots an arrow.
The arrow hits you!
* * * LOW HITPOINT WARNING * * *
The centaur shoots an arrow.
The arrow hits you!
* * * LOW HITPOINT WARNING * * *
Unknown command.
The centaur unwields a +0 shortbow.
The centaur hits you.
* * * LOW HITPOINT WARNING * * *
The centaur barely misses you.
Casting: Scorch (safe; 5% risk of failure)
Confirm with . or Enter, or press ? or * to list all spells.
Flames lash the centaur.
The centaur is heavily wounded.
The centaur hits you but does no damage.
The centaur kicks you but does no damage.
The centaur completely misses you.
The centaur kicks you but does no damage.
Casting: Scorch (safe; 5% risk of failure)
Confirm with . or Enter, or press ? or * to list all spells.
Flames lash the hobgoblin.
You kill the hobgoblin!
An ogre comes into view. It is wielding a +0 giant club.
The centaur hits you but does no damage.
The centaur kicks you but does no damage.
Casting: Scorch (safe; 5% risk of failure)
Confirm with . or Enter, or press ? or * to list all spells.
Flames lash the centaur.
The centaur is burned terribly!
The centaur is severely wounded.
You hear a shout!
The centaur closely misses you.
The centaur kicks you but does no damage.
The centaur hits you.
You die...

#.#.#.#####.#.# .
#.#.#.#<..#.#.# ..
#.#.#.###.#.#.# ...
#.#.#.....#.#.# ....
#!#.#######.#.#
.....###.#.........#.#
.........###########.#
#..............#
#@.#############
.....!c........
..S..###+###### .O..
$.. .. .


You could see an ogre, a centaur (combustible) and a ball python.

Vanquished Creatures
  An ogre (D:2)
  An orc priest (D:3)
  3 worms
  2 dart slugs (D:3)
  3 orcs (D:3)
  9 endoplasms
  2 giant cockroaches
  3 hobgoblins
  2 jackals (D:2)
  4 quokkas
  7 ball pythons
  6 bats
  2 frilled lizards
  4 goblins
  7 kobolds
  5 rats
61 creatures vanquished.

Vanquished Creatures (others)
  112 foxfires
112 creatures vanquished.

Grand Total: 173 creatures vanquished

Notes
Turn   | Place    | Note
-------+----------+-------------------------------------------
     0 | D:1      | Tocho the Ogre Fire Elementalist began the quest for the
                  | Orb.
     0 | D:1      | Reached XP level 1. HP: 16/16 MP: 3/3
   181 | D:1      | Reached XP level 2. HP: 13/24 MP: 1/5
   325 | D:1      | Reached skill level 1 in Conjurations
  1045 | D:1      | Reached XP level 3. HP: 32/32 MP: 7/7
  1455 | D:2      | Found a faded altar of an unknown god.
  2314 | D:2      | Noticed an ogre
  2345 | D:2      | Killed an ogre
  2346 | D:2      | Reached XP level 4. HP: 30/40 MP: 0/9
  2346 | D:2      | Reached XP level 5. HP: 35/46 MP: 0/10
  2587 | D:3      | Reached skill level 1 in Axes
  2655 | D:3      | Learned a level 2 spell: Scorch
  2659 | D:3      | Learned a level 3 spell: Conjure Flame
  2897 | D:3      | Reached skill level 1 in Fighting
  3563 | D:4      | Noticed a centaur
  3570 | D:4      | HP: 1/48 [centaur (3)]
  3572 | D:4      | Noticed an ogre
  3573 | D:4      | Slain by a centaur

Illustrated notes

Levels and vault maps discovered:
D:1:      scummos_arrival_checkerplants, layout_rooms,
          chequers_serial_rivers_room_a
D:2:      layout_basic, ebering_ecumenical_altar_petrified
D:3:      layout_loops_cross
D:4:      layout_basic, mainiacjoe_overflow_alcove_4,
          minmay_temple_entry_large_hall, uniq_robin

Skill      XL: |  1  2  3  4  5 |
---------------+----------------+-----
Dodging        | 2 |  2.2
Fire Magic     | 3 |  3.8
Conjurations   | 1 |  1.6
Spellcasting   | 3 |  3.7
Axes           | 1 |  1.2
Stealth        | 2 |  2.0
Fighting       | 1 |  1.5

Action                   |  1- 3 |  4- 6 || total
-------------------------+-------+-------++-------
Melee: Hand axe          |    69 |    51 ||   120
 Cast: Foxfire           |    68 |       ||    68
       Scorch            |       |    21 ||    21
 Stab: Sleeping          |     3 |       ||     3
Armor: Robe              |    28 |    17 ||    45
Dodge: Dodged            |    51 |    36 ||    87

Table legend: (Time is in decaauts)
 A = Elapsed time spent in this place.
 B = Non-inter-level travel time spent in this place.
 C = Inter-level travel time spent in this place.
 D = Time resting spent in this place.
 E = Time spent auto-exploring this place.
 F = Levels seen in this place.
 G = Mean time per level.
                   A        B        C        D        E       F      G
               +--------+--------+--------+--------+--------+-----+--------+
         Total |   3603 |   3496 |    107 |      0 |   2887 |   4 |  900.8 |
       Dungeon |   3603 |   3496 |    107 |      0 |   2887 |   4 |  900.8 |
               +--------+--------+--------+--------+--------+-----+--------+

Top non-repeatable levels by time:
     D:1: 1326 daAuts
     D:2: 1200 daAuts
     D:3: 1005 daAuts
     D:4: 70 daAuts
